[Event "RUS-chT Premier 2019"]
[Site "Sochi"]
[Date "2019.05.01"]
[Round "1.4"]
[White "Shubin, Kirill"]
[Black "Yuffa, Daniil"]
[Result "1-0"]
[ECO "D02"]
[WhiteElo "2404"]
[BlackElo "2595"]
[Annotator "ChessBase"]
[PlyCount "113"]
[EventDate "2019.04.30"]
[EventType "team-tourn"]
[EventCountry "RUS"]
[SourceTitle "playchess.com"]
[Source "ChessBase"]
[SourceQuality "1"]
[TimeControl "40/5400+30:1800+30"]

1. d4 Nf6 2. Nf3 d5 3. Bf4 c5 4. e3 Nc6 5. Nbd2 Bg4 6. c3 e6 7. Qb3 Qc8 8. Ne5 Nxe5 9. Bxe5 Nd7 10. h3 Bh5 11. c4 Qc6 12. cxd5 Qxd5 13. Qa4 cxd4 14. Bxd4 a6 15. e4 Qd6 16. Bc3 Rc8 17. Nc4 Qc7 18. Ne5 f6 19. Nxd7 Qxd7 20. Qxd7+ Kxd7 21. e5 f5 22. g4 fxg4 23. Rd1+ Ke8 24. Be2 Bc5 25. hxg4 Bg6 26. f3 Ke7 27. Bd3 b5 28. Ke2 Kf7 29. f4 b4 30. Be1 Bxd3+ 31. Rxd3 Be7 32. Rd7 Rhd8 33. Rxe7+ Kxe7 34. Bh4+ Ke8 35. Bxd8 Kxd8 36. Kd3 h6 37. g5 hxg5 38. Rh8+ Kd7 39. Rxc8 Kxc8 40. fxg5 Kc7 41. Kc4 Kc6 42. Kxb4 Kd5 43. Kc3 Kxe5 44. b4 Ke4 45. a4 Kd5 46. Kd3 g6 47. b5 a5 48. Ke3 Ke5 49. Kf3 Kd5 50. Kf4 e5+ 51. Ke3 Kc5 52. Ke4 Kd6 53. b6 Kc6 54. Kxe5 Kxb6 55. Kf6 Kc5 56. Kxg6 Kb4 57. Kf5 1-0

[Event "RUS-chT Premier 2019"]
[Site "Sochi"]
[Date "2019.05.01"]
[Round "1.5"]
[White "Antipov, Mikhail Al."]
[Black "Saveliev, Alexei"]
[Result "1-0"]
[ECO "B41"]
[WhiteElo "2595"]
[BlackElo "2367"]
[Annotator "ChessBase"]
[PlyCount "65"]
[EventDate "2019.04.30"]
[EventType "team-tourn"]
[EventCountry "RUS"]
[SourceTitle "playchess.com"]
[Source "ChessBase"]
[SourceQuality "1"]
[TimeControl "40/5400+30:1800+30"]

1. e4 c5 2. Nf3 e6 3. d4 cxd4 4. Nxd4 a6 5. c4 Qc7 6. Nc3 Nf6 7. a3 b6 8. Be3 Bb7 9. f3 Be7 10. Rc1 d6 11. g4 h6 12. Be2 Nbd7 13. h4 Rc8 14. Rg1 g6 15. b4 Qd8 16. g5 hxg5 17. hxg5 Nh5 18. f4 e5 19. fxe5 dxe5 20. Nf3 a5 21. Qb3 axb4 22. axb4 Bc6 23. Rh1 Bd6 24. Kf2 Qe7 25. Rcd1 Rd8 26. Nd5 Bxd5 27. Rxd5 O-O 28. Rxh5 gxh5 29. Nh4 f6 30. Nf5 fxg5 31. Rxd6 Rf6 32. Bxg5 Qxd6 33. c5+ 1-0

[Event "RUS-chT Premier 2019"]
[Site "Sochi"]
[Date "2019.05.01"]
[Round "1.6"]
[White "Askerov, Marat"]
[Black "Lomasov, Semyon"]
[Result "1/2-1/2"]
[ECO "E16"]
[WhiteElo "2315"]
[BlackElo "2541"]
[Annotator "ChessBase"]
[PlyCount "54"]
[EventDate "2019.04.30"]
[EventType "team-tourn"]
[EventCountry "RUS"]
[SourceTitle "playchess.com"]
[Source "ChessBase"]
[SourceQuality "1"]
[TimeControl "40/5400+30:1800+30"]

1. d4 Nf6 2. c4 e6 3. Nf3 b6 4. g3 Bb7 5. Bg2 Bb4+ 6. Bd2 c5 7. Bxb4 cxb4 8. a3 bxa3 9. Rxa3 a5 10. O-O Na6 11. Nc3 O-O 12. Re1 Rc8 13. b3 d5 14. Ne5 Qe7 15. Ra1 dxc4 16. Bxb7 Qxb7 17. bxc4 Rfd8 18. Nb5 Ne4 19. Qa4 Nb4 20. Rac1 f6 21. Nf3 g5 22. Qb3 Kg7 23. Qe3 Na2 24. Rc2 Nb4 25. Rcc1 Na2 26. Rc2 Nb4 27. Rcc1 Na2 1/2-1/2

[Event "RUS-chT Premier 2019"]
[Site "Sochi"]
[Date "2019.05.01"]
[Round "1.12"]
[White "Goganov, Aleksey"]
[Black "Ionov, Sergey"]
[Result "1/2-1/2"]
[ECO "D41"]
[WhiteElo "2570"]
[BlackElo "2530"]
[Annotator "ChessBase"]
[PlyCount "64"]
[EventDate "2019.04.30"]
[EventType "team-tourn"]
[EventCountry "RUS"]
[SourceTitle "playchess.com"]
[Source "ChessBase"]
[SourceQuality "1"]
[TimeControl "40/5400+30:1800+30"]

1. Nf3 d5 2. d4 Nf6 3. c4 e6 4. Nc3 c5 5. cxd5 Nxd5 6. g3 Nc6 7. Bg2 cxd4 8. Nxd4 Nxc3 9. bxc3 Nxd4 10. Qxd4 Qxd4 11. cxd4 Bb4+ 12. Bd2 Bxd2+ 13. Kxd2 Ke7 14. Rhc1 Rd8 15. Rc7+ Rd7 16. Rac1 Kd8 17. Rxd7+ Kxd7 18. h4 Rb8 19. g4 b6 20. Bc6+ Kd8 21. f4 Bb7 22. Bxb7 Rxb7 23. Kd3 a6 24. f5 Rc7 25. Rf1 Ke7 26. h5 h6 27. fxe6 fxe6 28. g5 hxg5 29. Rg1 Kf6 30. Rf1+ Ke7 31. Rg1 Kf6 32. Rf1+ Ke7 1/2-1/2

[Event "RUS-chT Premier 2019"]
[Site "Sochi"]
[Date "2019.05.01"]
[Round "1.19"]
[White "Iljiushenok, Ilia"]
[Black "Sjugirov, Sanan"]
[Result "0-1"]
[ECO "A22"]
[WhiteElo "2534"]
[BlackElo "2661"]
[Annotator "RC"]
[PlyCount "58"]
[EventDate "2019.04.30"]
[EventType "team-tourn"]
[EventCountry "RUS"]
[SourceTitle "playchess.com"]
[Source "ChessBase"]
[SourceQuality "1"]
[TimeControl "40/5400+30:1800+30"]

1. c4 e5 2. Nc3 Nf6 3. g3 Bc5 4. Bg2 c6 5. e3 d5 6. cxd5 O-O 7. Nge2 Bb6 8. d4 exd4 9. Nxd4 cxd5 10. O-O Bg4 11. Qa4 Na6 12. h3 Bh5 13. Qa3 Re8 14. Bd2 Nc5 15. Na4 Nfe4 16. Bc3 Nxa4 17. Qxa4 Rc8 18. Qb3 Qd7 19. Rac1 Rcd8 20. Rc2 Bg6 21. Rcc1 Bh5 22. Rc2 Nc5 23. Qa3 Bg6 24. Rcc1 Nd3 25. Rcd1 Be4 26. Ne2 Nxf2 27. Rxf2 Bxe3 28. Nf4 d4 29. Qc5 dxc3 0-1

[Event "RUS-chT Premier 2019"]
[Site "Sochi"]
[Date "2019.05.01"]
[Round "1.23"]
[White "Bykov, Oleg"]
[Black "Romanov, Evgeny"]
[Result "0-1"]
[ECO "A62"]
[WhiteElo "2395"]
[BlackElo "2573"]
[Annotator "ChessBase"]
[PlyCount "68"]
[EventDate "2019.04.30"]
[EventType "team-tourn"]
[EventCountry "RUS"]
[SourceTitle "playchess.com"]
[Source "ChessBase"]
[SourceQuality "1"]
[TimeControl "40/5400+30:1800+30"]

1. d4 Nf6 2. c4 e6 3. g3 c5 4. d5 exd5 5. cxd5 d6 6. Nc3 g6 7. Bg2 Bg7 8. Nf3 O-O 9. O-O Na6 10. Nd2 Nc7 11. a4 b6 12. e4 Ba6 13. Re1 Nd7 14. Nf3 Qe7 15. Bf4 Rad8 16. Qd2 Ne5 17. Bh6 Nc4 18. Qc1 Bxh6 19. Qxh6 Nxb2 20. e5 dxe5 21. d6 Rxd6 22. Rxe5 Qd7 23. Rae1 Ne6 24. Bh3 Nd3 25. Ng5 Nxg5 26. Bxd7 Nf3+ 27. Kh1 Nfxe5 28. Rxe5 Nxe5 29. Bb5 Bb7+ 30. Kg1 c4 31. Qf4 Re6 32. f3 Nxf3+ 33. Kf2 Ne5 34. Kf1 Nd3 0-1

[Event "RUS-chT Premier 2019"]
[Site "Sochi"]
[Date "2019.05.01"]
[Round "1.28"]
[White "Bocharov, Dmitry"]
[Black "Faizrakhmanov, Ramil"]
[Result "1/2-1/2"]
[ECO "A17"]
[WhiteElo "2530"]
[BlackElo "2438"]
[Annotator "ChessBase"]
[PlyCount "103"]
[EventDate "2019.04.30"]
[EventType "team-tourn"]
[EventCountry "RUS"]
[SourceTitle "playchess.com"]
[Source "ChessBase"]
[SourceQuality "1"]
[TimeControl "40/5400+30:1800+30"]

1. Nf3 Nf6 2. c4 e6 3. Nc3 Bb4 4. g4 h6 5. Rg1 Bxc3 6. bxc3 b6 7. d3 Bb7 8. e4 d6 9. h4 Nc6 10. g5 hxg5 11. hxg5 Nd7 12. Be3 Qe7 13. Qc2 Nce5 14. Nd2 Ng6 15. O-O-O e5 16. Be2 O-O-O 17. Bg4 Kb8 18. d4 Ndf8 19. d5 Nf4 20. Nf3 N8g6 21. Rh1 c6 22. Kb2 Qc7 23. Nd2 Bc8 24. Bf5 Bd7 25. Bxg6 Nxg6 26. Qd3 Bc8 27. Nb1 Rxh1 28. Rxh1 Ba6 29. Na3 Rh8 30. Rxh8+ Nxh8 31. dxc6 Qxc6 32. Nb5 Bxb5 33. cxb5 Qd7 34. f4 Ng6 35. f5 Ne7 36. a4 g6 37. f6 Nc8 38. c4 Qb7 39. Bd2 Qd7 40. Bb4 Qe6 41. Bd2 Kb7 42. Be3 Kb8 43. Kb3 Qd7 44. Kb4 Qc7 45. Qd5 Qb7 46. Qd3 Qc7 47. Kb3 Qd7 48. Bd2 Qe6 49. a5 Kc7 50. axb6+ axb6 51. Kc2 Kb8 52. Bb4 1/2-1/2

[Event "RUS-chT Premier 2019"]
[Site "Sochi"]
[Date "2019.05.01"]
[Round "1.29"]
[White "Makhmutov, Rail"]
[Black "Kezin, Roman"]
[Result "1/2-1/2"]
[ECO "E06"]
[WhiteElo "2390"]
[BlackElo "2468"]
[Annotator "ChessBase"]
[PlyCount "106"]
[EventDate "2019.04.30"]
[EventType "team-tourn"]
[EventCountry "RUS"]
[SourceTitle "playchess.com"]
[Source "ChessBase"]
[SourceQuality "1"]
[TimeControl "40/5400+30:1800+30"]

1. d4 d5 2. c4 e6 3. Nf3 Nf6 4. g3 Be7 5. Bg2 O-O 6. O-O dxc4 7. Ne5 c5 8. dxc5 Qc7 9. Nxc4 Qxc5 10. b3 Rd8 11. Nbd2 Nc6 12. e3 Qb5 13. Bb2 Bd7 14. Ne4 Be8 15. Qe2 Nxe4 16. Bxe4 f6 17. Rfd1 Bh5 18. Bf3 Bxf3 19. Qxf3 Qf5 20. Qxf5 exf5 21. Bc3 Kf7 22. a4 Ke6 23. Kf1 Rac8 24. Rxd8 Rxd8 25. Na5 Nxa5 26. Bxa5 Rc8 27. Rd1 Rc2 28. Be1 Rb2 29. Rd3 g5 30. h3 h5 31. Bd2 Rb1+ 32. Ke2 Rh1 33. Rc3 Kd7 34. Rd3+ Ke6 35. Rc3 Bd6 36. Rc8 Rb1 37. Rh8 Rxb3 38. Rxh5 Rb2 39. Kd3 Bb4 40. Bxb4 Rxb4 41. a5 Ra4 42. Rh7 Rxa5 43. Rxb7 Ra2 44. f4 Rg2 45. fxg5 fxg5 46. g4 fxg4 47. hxg4 Rxg4 48. Rxa7 Rb4 49. Ke2 Kf6 50. Kf3 Rc4 51. Ra6+ Kf5 52. Ra5+ Kf6 53. Ra6+ Ke5 {Ke4+} 1/2-1/2

[Event "RUS-chT Premier 2019"]
[Site "Sochi"]
[Date "2019.05.01"]
[Round "1.30"]
[White "Murzin, Volodar"]
[Black "Toropov, Pavel"]
[Result "1-0"]
[ECO "C00"]
[WhiteElo "2407"]
[BlackElo "2327"]
[Annotator "NA"]
[PlyCount "117"]
[EventDate "2019.04.30"]
[EventType "team-tourn"]
[EventCountry "RUS"]
[SourceTitle "playchess.com"]
[Source "ChessBase"]
[SourceQuality "1"]
[TimeControl "40/5400+30:1800+30"]

1. e4 e6 2. d3 d5 3. Nd2 Nf6 4. Ngf3 c5 5. g3 Nc6 6. Bg2 Be7 7. O-O b5 8. Re1 O-O 9. e5 Nd7 10. Nf1 Qc7 11. Bf4 Bb7 12. h4 Rfc8 13. N1h2 Qd8 14. h5 h6 15. Ng4 a5 16. Qd2 Bf8 17. Ngh2 Be7 18. g4 Ra6 19. Re2 a4 20. a3 b4 21. Rae1 bxa3 22. bxa3 Nd4 23. Nxd4 cxd4 24. Qc1 Qf8 25. Qb2 Ba8 26. Qxd4 Bxa3 27. Nf3 Rb8 28. Bc1 Be7 29. Qa1 a3 30. Be3 Ra4 31. Bd4 Rbb4 32. c3 Rb8 33. Qd1 Bc6 34. Ra2 Qd8 35. Nd2 Nc5 36. Bf1 Qa5 37. Qc2 Rxd4 38. cxd4 Ba4 39. Rxa3 Bxc2 40. Rxa5 Nxd3 41. Rea1 Bb4 42. R5a2 Bxd2 43. Bxd3 Bxd3 44. Rxd2 Bc4 45. f3 Rb7 46. Kf2 Kh7 47. Kg3 g6 48. hxg6+ Kxg6 49. Rh1 Rb3 50. Rdh2 Kg7 51. Rxh6 Rd3 52. Rh7+ Kg8 53. Rh8+ Kg7 54. Ra8 Rxd4 55. Rhh8 f5 56. Rag8+ Kf7 57. Rf8+ Kg7 58. gxf5 exf5 59. e6 1-0

[Event "RUS-chT Premier 2019"]
[Site "Sochi"]
[Date "2019.05.02"]
[Round "2.2"]
[White "Khanin, Semen"]
[Black "Usmanov, Vasily"]
[Result "1/2-1/2"]
[ECO "B33"]
[WhiteElo "2524"]
[BlackElo "2437"]
[Annotator "ChessBase"]
[PlyCount "209"]
[EventDate "2019.05.01"]
[EventType "team-tourn"]
[EventCountry "RUS"]
[SourceTitle "playchess.com"]
[Source "ChessBase"]
[SourceQuality "1"]
[TimeControl "40/5400+30:1800+30"]

1. e4 c5 2. Nf3 Nc6 3. d4 cxd4 4. Nxd4 Nf6 5. Nc3 e6 6. Ndb5 Bb4 7. a3 Bxc3+ 8. Nxc3 d5 9. exd5 exd5 10. Bd3 O-O 11. O-O d4 12. Ne2 Bg4 13. Bg5 h6 14. Bh4 Bxe2 15. Bxe2 Re8 16. Bc4 Ne5 17. Bb3 Qb6 18. Re1 Rad8 19. Bg3 Nc6 20. Qd3 Na5 21. Ba4 Nc6 22. b4 a5 23. b5 Ne7 24. Bb3 Ned5 25. Be5 Nc3 26. Qg6 Re7 27. Bxf6 Qxf6 28. Qxf6 Rxe1+ 29. Rxe1 gxf6 30. Re7 a4 31. Bxf7+ Kf8 32. Rxb7 Nxb5 33. Bg6 Nxa3 34. Kf1 Rc8 35. Rf7+ Kg8 36. Ra7 Nxc2 37. Rxa4 Kg7 38. Bd3 Rc7 39. h3 Kf8 40. Ke2 Re7+ 41. Kd2 Ne1 42. Bf1 d3 43. Rg4 Kf7 44. h4 h5 45. Ra4 Kg7 46. Ra5 Kh6 47. Ra6 Kg7 48. Ra4 Kh6 49. Ra5 Nxg2 50. Bxg2 Re2+ 51. Kxd3 Rxf2 52. Be4 Rf4 53. Ra6 Kg7 54. Ra7+ Kf8 55. Bd5 Rxh4 56. Rf7+ Ke8 57. Rxf6 Ke7 58. Rh6 Ra4 59. Bc4 Ra1 60. Rxh5 Rd1+ 61. Ke4 Re1+ 62. Kd4 Rd1+ 63. Bd3 Kd6 64. Rh6+ Kd7 65. Ke4 Kc7 66. Bc4 Kd7 67. Bd5 Re1+ 68. Kd4 Rd1+ 69. Ke5 Re1+ 70. Be4 Ke7 71. Rh7+ Ke8 72. Kd5 Kf8 73. Ra7 Re2 74. Bf5 Re7 75. Ra1 Kg7 76. Be6 Kf6 77. Rf1+ Kg5 78. Ke5 Ra7 79. Rg1+ Kh4 80. Bf5 Ra2 81. Kf6 Rf2 82. Rg8 Rf3 83. Rg2 Rf4 84. Ke5 Rf3 85. Rg4+ Kh3 86. Ke4 Rg3 87. Rg8+ Kh4 88. Rh8+ Kg5 89. Ke5 Re3+ 90. Be4 Rg3 91. Rg8+ Kh4 92. Rf8 Kg5 93. Bf3 Kh4 94. Kf4 Rg4+ 95. Ke3 Rg7 96. Kf4 Rg4+ 97. Kf5 Rg5+ 98. Kf6 Ra5 99. Rg8 Ra3 100. Bg4 Kg3 101. Bf5+ Kf4 102. Rg4+ Kf3 103. Rh4 Ra7 104. Rh7 Rxh7 105. Bxh7 1/2-1/2

[Event "RUS-chT Premier 2019"]
[Site "Sochi"]
[Date "2019.05.02"]
[Round "2.3"]
[White "Pershin, Denis"]
[Black "Tsydypov, Zhamsaran"]
[Result "0-1"]
[ECO "E84"]
[WhiteElo "2409"]
[BlackElo "2546"]
[Annotator "ChessBase"]
[PlyCount "82"]
[EventDate "2019.05.01"]
[EventType "team-tourn"]
[EventCountry "RUS"]
[SourceTitle "playchess.com"]
[Source "ChessBase"]
[SourceQuality "1"]
[TimeControl "40/5400+30:1800+30"]

1. d4 Nf6 2. c4 g6 3. Nc3 Bg7 4. e4 d6 5. f3 O-O 6. Be3 Nc6 7. Nge2 a6 8. Qd2 Rb8 9. h4 b5 10. Nc1 bxc4 11. Bxc4 e5 12. d5 Na5 13. Bd3 c6 14. N1e2 cxd5 15. exd5 e4 16. fxe4 Ng4 17. b3 f5 18. Bg5 Qb6 19. Rf1 h6 20. Bf4 fxe4 21. Bxe4 Bf5 22. Na4 Qd8 23. Bxf5 Rxf5 24. Rc1 Qxh4+ 25. g3 Qd8 26. Bxd6 Rxf1+ 27. Kxf1 Qxd6 28. Qxa5 Qf6+ 29. Nf4 g5 30. Qc7 Rf8 31. Qb6 gxf4 32. Qxf6 Nxf6 33. d6 fxg3 34. Kg2 Ne4 35. d7 Rf2+ 36. Kh3 Bf6 37. Nc5 Rh2+ 38. Kg4 Nxc5 39. Kxg3 Rh5 40. Rd1 Bd8 41. Re1 Bc7+ 0-1

[Event "RUS-chT Premier 2019"]
[Site "Sochi"]
[Date "2019.05.02"]
[Round "2.4"]
[White "Bocharov, Dmitry"]
[Black "Shubin, Kirill"]
[Result "0-1"]
[ECO "E12"]
[WhiteElo "2530"]
[BlackElo "2404"]
[Annotator "ChessBase"]
[PlyCount "92"]
[EventDate "2019.05.01"]
[EventType "team-tourn"]
[EventCountry "RUS"]
[SourceTitle "playchess.com"]
[Source "ChessBase"]
[SourceQuality "1"]
[TimeControl "40/5400+30:1800+30"]

1. d4 e6 2. Nf3 Nf6 3. c4 b6 4. a3 Bb7 5. Nc3 Ne4 6. Nxe4 Bxe4 7. Nd2 Bb7 8. e4 g6 9. Bd3 Bg7 10. Nf3 d6 11. O-O O-O 12. Bg5 Qd7 13. Qd2 Nc6 14. Bc2 Na5 15. b3 f5 16. exf5 Bxf3 17. gxf3 exf5 18. Rae1 Nc6 19. d5 Ne5 20. Kg2 f4 21. Bxf4 Nxf3 22. Kxf3 Qh3+ 23. Ke2 Rae8+ 24. Be3 Qf3+ 25. Kd3 Rf4 26. Qe2 Rd4+ 27. Kc3 Qxe2 28. Rxe2 Rd1+ 29. Kb4 Rxf1 30. Kb5 Rh1 31. Kc6 Re7 32. b4 Rxh2 33. c5 bxc5 34. bxc5 dxc5 35. Bb3 Kh8 36. Kxc5 h5 37. Rc2 Be5 38. Kc6 Rh3 39. Bc4 Rf3 40. Bc5 Bd6 41. Bd4+ Kh7 42. a4 h4 43. Bxa7 h3 44. a5 h2 45. Rc1 Rf6 46. Bd4 Rf4 0-1

[Event "RUS-chT Premier 2019"]
[Site "Sochi"]
[Date "2019.05.02"]
[Round "2.5"]
[White "Timerkhanov, Alexander"]
[Black "Kezin, Roman"]
[Result "0-1"]
[ECO "B44"]
[WhiteElo "2366"]
[BlackElo "2468"]
[Annotator "RC"]
[PlyCount "128"]
[EventDate "2019.05.01"]
[EventType "team-tourn"]
[EventCountry "RUS"]
[SourceTitle "playchess.com"]
[Source "ChessBase"]
[SourceQuality "1"]
[TimeControl "40/5400+30:1800+30"]

1. e4 c5 2. Nf3 e6 3. d4 cxd4 4. Nxd4 Nc6 5. Nb5 d6 6. c4 a6 7. N5c3 Nf6 8. Be2 Be7 9. O-O O-O 10. Be3 b6 11. Nd2 Bb7 12. Qb3 Nd7 13. Rfd1 Nc5 14. Qc2 Bf6 15. Nf3 Qc7 16. a3 Bxc3 17. bxc3 Ne7 18. Bd3 f5 19. Ng5 Qc6 20. Bxc5 dxc5 21. f3 h6 22. Nh3 Qc7 23. Rab1 Rad8 24. Qe2 Nc6 25. Bc2 Rxd1+ 26. Rxd1 Qe5 27. Qe1 f4 28. Nf2 Qc7 29. Nd3 e5 30. Ba4 Na5 31. Nb2 Rd8 32. Rd2 Bc8 33. Qd1 Rxd2 34. Qxd2 Be6 35. Qd3 Kf8 36. Kf2 Ke7 37. Bd1 g5 38. Be2 Qd6 39. Qxd6+ Kxd6 40. Ke1 h5 41. h3 Bd7 42. Kd2 Ke7 43. Kd3 Kf6 44. Bd1 Be6 45. Ba4 g4 46. hxg4 hxg4 47. Bd1 Kg5 48. fxg4 Bxg4 49. Bxg4 Kxg4 50. Ke2 Kg3 51. Kf1 f3 52. gxf3 Kxf3 53. Ke1 Kxe4 54. Ke2 Kf4 55. Nd3+ Kf5 56. Nb2 e4 57. Ke3 Ke5 58. Kf2 Kf4 59. Ke2 e3 60. Nd3+ Ke4 61. Nb2 Nb3 62. Nd3 a5 63. a4 Nd2 64. Ne1 Nb1 0-1

[Event "RUS-chT Premier 2019"]
[Site "Sochi"]
[Date "2019.05.02"]
[Round "2.6"]
[White "Murzin, Volodar"]
[Black "Golikov, Daniil"]
[Result "1-0"]
[ECO "A37"]
[WhiteElo "2407"]
[BlackElo "2271"]
[Annotator "NA"]
[PlyCount "131"]
[EventDate "2019.05.01"]
[EventType "team-tourn"]
[EventCountry "RUS"]
[SourceTitle "playchess.com"]
[Source "ChessBase"]
[SourceQuality "1"]
[TimeControl "40/5400+30:1800+30"]

1. Nf3 c5 2. c4 Nc6 3. g3 g6 4. Bg2 Bg7 5. Nc3 e5 6. O-O Nge7 7. d3 O-O 8. Rb1 d6 9. a3 Rb8 10. b4 b6 11. e3 f5 12. b5 Na5 13. Bd2 h6 14. Nd5 e4 15. Ne1 Nxd5 16. cxd5 exd3 17. Nxd3 Nc4 18. Bc1 Ne5 19. Bb2 Nxd3 20. Qxd3 Bxb2 21. Rxb2 Qf6 22. Re2 a6 23. Rfe1 axb5 24. Qxb5 Ra8 25. Qxb6 Rxa3 26. Rc2 Ba6 27. Bf1 Bxf1 28. Rxf1 Rd3 29. Ra2 Rxd5 30. Ra7 Re5 31. Rd1 d5 32. Qxc5 Rf7 33. Rxd5 Rxa7 34. Rxe5 Rf7 35. Qd5 Kh7 36. Re8 Qg7 37. h4 h5 38. Kg2 Ra7 39. Kf3 Qb7 40. Qxb7+ Rxb7 41. Kf4 Kh6 42. Rh8+ Kg7 43. Rd8 Rb2 44. Kg5 Kf7 45. Rd7+ Ke6 46. Rg7 Rxf2 47. Rxg6+ Ke7 48. Kxh5 Rf3 49. Rg5 Kf6 50. g4 fxg4 51. e4 g3 52. Kg4 Ra3 53. Kf4 g2 54. Rxg2 Rh3 55. e5+ Kf7 56. Rg4 Rh1 57. Kf5 Rf1+ 58. Rf4 Rg1 59. h5 Rh1 60. Kg5+ Kg7 61. e6 Re1 62. h6+ Kg8 63. Kf6 Kf8 64. h7 Rh1 65. Kg6+ Ke7 66. Rg4 1-0

[Event "RUS-chT Premier 2019"]
[Site "Sochi"]
[Date "2019.05.02"]
[Round "2.9"]
[White "Rakhmanov, Aleksandr"]
[Black "Timofeev, Artyom"]
[Result "1/2-1/2"]
[ECO "D43"]
[WhiteElo "2629"]
[BlackElo "2602"]
[Annotator "RC"]
[PlyCount "113"]
[EventDate "2019.05.01"]
[EventType "team-tourn"]
[EventCountry "RUS"]
[SourceTitle "playchess.com"]
[Source "ChessBase"]
[SourceQuality "1"]
[TimeControl "40/5400+30:1800+30"]

1. d4 Nf6 2. Nf3 e6 3. c4 d5 4. Nc3 c6 5. g3 dxc4 6. Ne5 Nbd7 7. Nxc4 b5 8. Ne5 Nxe5 9. dxe5 Qxd1+ 10. Kxd1 Nd5 11. Ne4 f5 12. Nd2 Bb7 13. e4 Nb6 14. Bd3 O-O-O 15. Ke2 fxe4 16. Bxe4 Be7 17. h4 h6 18. f4 Rd4 19. Bg6 c5 20. Nf3 Rd7 21. h5 Rhd8 22. f5 Bd5 23. g4 Nc4 24. fxe6 Rc7 25. Re1 Bxe6 26. b3 Nb6 27. g5 Bf8 28. Bd2 c4 29. Ba5 Be7 30. gxh6 gxh6 31. Red1 Rcd7 32. Rxd7 Rxd7 33. Bxb6 axb6 34. Rd1 Rxd1 35. Kxd1 cxb3 36. axb3 Bxb3+ 37. Kd2 b4 38. Nd4 Bd5 39. Kd3 Kd7 40. e6+ Kd6 41. Nf5+ Kxe6 42. Nxh6 Kf6 43. Ng4+ Kg5 44. Nf2 Bf8 45. Ne4+ Kf4 46. Nd2 b3 47. Kc3 Bg7+ 48. Kb4 b2 49. Nc4 Bd4 50. Kb5 Be6 51. Nxb2 Bd7+ 52. Ka6 Bc8+ 53. Kb5 Bxb2 54. Kxb6 Bg7 55. Be8 Ke5 56. Kc7 Ba6 57. Bc6 1/2-1/2

[Event "RUS-chT Premier 2019"]
[Site "Sochi"]
[Date "2019.05.02"]
[Round "2.11"]
[White "Romanov, Evgeny"]
[Black "Makhmutov, Rail"]
[Result "1/2-1/2"]
[ECO "A06"]
[WhiteElo "2573"]
[BlackElo "2390"]
[Annotator "ChessBase"]
[PlyCount "99"]
[EventDate "2019.05.01"]
[EventType "team-tourn"]
[EventCountry "RUS"]
[SourceTitle "playchess.com"]
[Source "ChessBase"]
[SourceQuality "1"]
[TimeControl "40/5400+30:1800+30"]

1. Nf3 d5 2. b3 Bg4 3. e3 Nd7 4. h3 Bh5 5. Bb2 e6 6. d3 h6 7. Nbd2 Ngf6 8. g4 Bg6 9. Rg1 Bd6 10. h4 Qe7 11. g5 hxg5 12. hxg5 Nh5 13. Nh4 e5 14. Qg4 O-O-O 15. O-O-O Kb8 16. Kb1 Nf4 17. Re1 Ne6 18. Nxg6 fxg6 19. Bg2 c6 20. f4 Nc7 21. Nf3 Rhf8 22. d4 e4 23. Nh4 Qf7 24. Ref1 Nb6 25. Bh3 Nc8 26. f5 gxf5 27. Nxf5 Qd7 28. a4 g6 29. Nxd6 Qxd6 30. Ka2 Rxf1 31. Rxf1 Qh2 32. Bg2 Qh7 33. Ba3 Ne7 34. Rf6 Nf5 35. Qf4 Kc8 36. Bf1 Ne8 37. Rf8 Nc7 38. Rf6 Ne8 39. Rf8 Nc7 40. Rxd8+ Kxd8 41. Bc5 Qh4 42. Qe5 Qf2 43. Qf6+ Kc8 44. Qf8+ Kd7 45. Qf7+ Kc8 46. Kb2 Qh2 47. Qf8+ Kd7 48. Qf7+ Kc8 49. Qf8+ Kd7 50. Qf7+ 1/2-1/2

[Event "RUS-chT Premier 2019"]
[Site "Sochi"]
[Date "2019.05.02"]
[Round "2.12"]
[White "Toropov, Pavel"]
[Black "Rozum, Ivan"]
[Result "1-0"]
[ECO "B06"]
[WhiteElo "2327"]
[BlackElo "2568"]
[Annotator "RC"]
[PlyCount "131"]
[EventDate "2019.05.01"]
[EventType "team-tourn"]
[EventCountry "RUS"]
[SourceTitle "playchess.com"]
[Source "ChessBase"]
[SourceQuality "1"]
[TimeControl "40/5400+30:1800+30"]

1. e4 g6 2. d4 Bg7 3. Nc3 d6 4. h3 Nf6 5. g4 O-O 6. Bg2 e5 7. Nge2 Nc6 8. Be3 a6 9. O-O Bxg4 10. hxg4 Nxg4 11. Bh3 Nxe3 12. fxe3 Qg5+ 13. Kf2 Qh4+ 14. Kg2 Qg5+ 15. Kf2 Bh6 16. Qd3 Nb4 17. Qd2 Qh4+ 18. Kg2 Qg5+ 19. Kf2 Qh4+ 20. Kg2 Qg5+ 21. Kf2 exd4 22. Nxd4 Qh4+ 23. Kg2 Qg5+ 24. Kf2 Qh4+ 25. Kg2 Qg5+ 26. Kf2 Qh4+ 27. Kg2 Qg5+ 28. Kf2 Qh4+ 29. Kg2 Qg5+ 30. Kf2 Rae8 31. Nf3 Qc5 32. Rae1 Bg7 33. Nd4 Nc6 34. Nxc6 bxc6 35. Bg2 Rb8 36. Rb1 Qg5 37. Kg1 Be5 38. Rf3 h5 39. b3 Rbe8 40. Ne2 Re7 41. Rbf1 Bg7 42. Qd3 Qc5 43. Nd4 d5 44. b4 Qb6 45. Rf4 dxe4 46. Rxe4 Rxe4 47. Bxe4 c5 48. bxc5 Qxc5 49. Nf3 Re8 50. Kf2 c6 51. Re1 f5 52. Qb3+ Kh8 53. Bd3 Bc3 54. Re2 f4 55. Qf7 fxe3+ 56. Kg2 Rf8 57. Qc4 Bb4 58. Qxc5 Bxc5 59. Ne5 Re8 60. Nxg6+ Kg7 61. Nf4 Kf6 62. Kf3 Ke5 63. Rh2 Rf8 64. Rxh5+ Kd4 65. c3+ Kxc3 66. Rxc5+ 1-0

[Event "RUS-chT Premier 2019"]
[Site "Sochi"]
[Date "2019.05.02"]
[Round "2.28"]
[White "Lintchevski, Daniil"]
[Black "Antipov, Mikhail Al."]
[Result "1-0"]
[ECO "D15"]
[WhiteElo "2525"]
[BlackElo "2595"]
[Annotator "RC"]
[PlyCount "95"]
[EventDate "2019.05.01"]
[EventType "team-tourn"]
[EventCountry "RUS"]
[SourceTitle "playchess.com"]
[Source "ChessBase"]
[SourceQuality "1"]
[TimeControl "40/5400+30:1800+30"]

1. Nf3 d5 2. d4 Nf6 3. c4 c6 4. Nc3 a6 5. a4 e6 6. g3 dxc4 7. Bg2 c5 8. O-O cxd4 9. Nxd4 e5 10. Nc2 Nc6 11. Qxd8+ Nxd8 12. Bg5 Be6 13. Bxf6 gxf6 14. Nd5 Bxd5 15. Bxd5 Rc8 16. Ne3 c3 17. Rac1 Bh6 18. Rxc3 Rxc3 19. bxc3 Bxe3 20. fxe3 Ke7 21. Rb1 Kd6 22. Bxb7 Nxb7 23. Rxb7 Ke6 24. Rb6+ Kf5 25. Rc6 h5 26. a5 h4 27. gxh4 Rxh4 28. Rxa6 Rc4 29. Ra8 Rxc3 30. a6 Ke4 31. Kf2 Rc6 32. h4 f5 33. h5 f4 34. exf4 Kxf4 35. e3+ Ke4 36. Kg3 f5 37. Kh4 Kxe3 38. Kg5 f4 39. h6 Rc7 40. Kg6 Rc6+ 41. Kg7 f3 42. h7 f2 43. Rf8 Rc7+ 44. Kg8 Rc8 45. Rxc8 f1=Q 46. h8=Q Qg2+ 47. Qg7 Qa2+ 48. Kh8 1-0

[Event "RUS-chT Premier 2019"]
[Site "Sochi"]
[Date "2019.05.02"]
[Round "2.29"]
[White "Lomasov, Semyon"]
[Black "Levin, Evgeny A."]
[Result "1-0"]
[ECO "C11"]
[WhiteElo "2541"]
[BlackElo "2516"]
[Annotator "RC"]
[PlyCount "93"]
[EventDate "2019.05.01"]
[EventType "team-tourn"]
[EventCountry "RUS"]
[SourceTitle "playchess.com"]
[Source "ChessBase"]
[SourceQuality "1"]
[TimeControl "40/5400+30:1800+30"]

1. e4 e6 2. d4 d5 3. Nc3 Nf6 4. e5 Nfd7 5. f4 c5 6. Nf3 Nc6 7. Be3 a6 8. Ne2 b5 9. c3 b4 10. cxb4 cxd4 11. Nexd4 Bxb4+ 12. Kf2 Nxd4 13. Bxd4 O-O 14. Rc1 f6 15. h4 fxe5 16. fxe5 Qe7 17. a3 Bc5 18. Qd2 a5 19. Qe3 Bxd4 20. Qxd4 Nb8 21. Kg3 Ba6 22. Bxa6 Rxa6 23. Rhf1 Rc6 24. Qa4 Qb7 25. Qg4 Qe7 26. Nd4 Rxc1 27. Rxc1 Re8 28. h5 h6 29. Qg6 Qg5+ 30. Qxg5 hxg5 31. Rc7 Na6 32. Rc6 Nb8 33. Rc7 Na6 34. Rc6 Nb8 35. Rd6 Kf7 36. Nf3 Rc8 37. Nxg5+ Kg8 38. Nxe6 Nc6 39. Rxd5 Re8 40. Ng5 Rxe5 41. Rxe5 Nxe5 42. b4 a4 43. b5 Nc4 44. Kf4 Kf8 45. Ne6+ Kf7 46. Nc5 Nb6 47. Kg5 1-0